 Dungeon Crawl Stone Soup version 0.22.1-2-g9c5b331 (webtiles) character file.

158 MalarOregon the Poker (level 5, -1/41 HPs)
             Began as a Merfolk Gladiator on Dec 1, 2018.
             Was an Initiate of Ashenzari.
             Killed by divine providence
             ... invoked by an orc priest
              (14 damage)
             ... on level 3 of the Dungeon.
             The game lasted 00:05:33 (2315 turns).

MalarOregon the Poker (Merfolk Gladiator)           Turns: 2315, Time: 00:05:33

Health: -1/41      AC: 11    Str: 14    XL:     5   Next: 40%
Magic:  6/6        EV: 14    Int:  8    God:    Ashenzari [......]
Gold:   126        SH:  0    Dex: 16    Spells: 6/6 levels left

rFire    . . .     SeeInvis .   a - +0 trident
rCold    . . .     Gourm    .   (no shield)
rNeg     . . .     Faith    .   o - +4 scale mail
rPois    .         Spirit   .   c - +0 helmet
rElec    .         Reflect  .   (no cloak)
rCorr    .         Harm     .   (no gloves)
MR       .....                  (boots currently unavailable)
Stlth    +.........             (no amulet)
HPRegen  0.13/turn              (no ring)
MPRegen  0.10/turn              (no ring)

@: very quick
A: change form in water, swift swim, stealthy swim
a: Curse Item, Renounce Religion


You were on level 3 of the Dungeon.
You worshipped Ashenzari.
Ashenzari was noncommittal.
You were hungry.

You visited 1 branch of the dungeon, and saw 3 of its levels.

You collected 126 gold pieces.

Inventory:

Hand Weapons
 a - a +0 trident (weapon)
Missiles
 d - 3 throwing nets {!f}
 h - 74 stones (quivered)
Armour
 c - a +0 helmet (worn)
 m - a +2 robe of fire resistance
   (You took it off Jessica on level 2 of the Dungeon)
 o - a +4 scale mail (worn)
   (You found it on level 3 of the Dungeon)
Jewellery
 f - an uncursed ring of ice
   (You found it on level 3 of the Dungeon)
Scrolls
 b - a scroll of fear {unknown}
 i - a scroll of blinking
 j - a scroll of identify {@r1}
 n - a scroll of immolation {unknown}
Potions
 g - a potion of lignification {!q}
 k - a potion of haste {@q3}
 l - a potion of berserk rage
Comestibles
 e - 9 rations {!d}


   Skills:
 * Level 3.5 Fighting
 * Level 5.6 Polearms
 + Level 2.5 Throwing
 + Level 1.1 Armour
 + Level 4.7 Dodging
 + Level 1.2 Spellcasting


You had 6 spell levels left.
You didn't know any spells.
Your spell library was empty.

Dungeon Overview and Level Annotations

Branches:
Dungeon (3/15)

Altars:
Ashenzari
Makhleb


Message History

The orc hits the plant but does no damage.
The orc hits the plant but does no damage.
The orc hits the plant but does no damage.
The orc splashes around in the water.
The orc splashes around in the water.
The orc hits the plant but does no damage.
The orc hits the plant but does no damage.
The orc splashes around in the water.
The orc splashes around in the water.
The orc hits the plant but does no damage.
The orc hits the plant but does no damage.
The orc hits the plant but does no damage.
The orc hits the plant but does no damage.
The orc splashes around in the water.
The orc splashes around in the water.
The orc hits the plant with a short sword.
The orc hits the plant but does no damage.
The orc hits the plant but does no damage.
The orc splashes around in the water.
The orc hits the plant with a short sword.
The orc splashes around in the water.
The orc hits the plant but does no damage.
The orc splashes around in the water.
The orc splashes around in the water.
The orc hits the plant but does no damage.
The orc hits the plant but does no damage.
The orc hits the plant with a short sword.
The orc splashes around in the water.
The orc hits the plant but does no damage.
The orc hits the plant but does no damage.
The orc hits the plant but does no damage.
The orc splashes around in the water.
The orc splashes around in the water.
The orc hits the plant with a short sword.
The orc hits the plant but does no damage.
The orc splashes around in the water.
The orc hits the plant with a short sword.
The orc hits the plant with a short sword.
The orc hits the plant with a short sword.
The orc hits the plant but does no damage.
The orc hits the plant but does no damage.
The orc splashes around in the water.
The orc hits the plant but does no damage.
The orc splashes around in the water.
The orc priest casts a cantrip, but nothing happens.
The orc hits the plant with a short sword.
The orc hits the plant but does no damage.
The orc priest mumbles some strange prayers to Beogh against you.
Beogh smites you!
You die...

#.# .......# #.# ......
#..≈≈≈≈P..... ..##......
#..≈≈≈≈≈≈..%. ...#......
#.≈≈≈≈≈P.....
.....8.8..##.≈≈≈≈≈≈P....
...8.....8.#...≈≈≈oo....
##.........#..≈≈≈≈o≈....
#..##'##..#...≈≈≈≈≈≈...
#.## ##.#..≈≈@≈≈o≈...
#..#####..#...(≈≈≈P≈≈..
#........##..≈P≈≈≈≈≈...
#.#.....###..≈.P≈≈≈≈≈..
##......####...≈≈≈P≈≈≈≈.
......>....'......≈≈≈P≈.
############......P≈≈≈≈≈
.... #.....≈.≈≈P≈≈ ####
####...P.≈≈≈


You could see an orc priest and 3 orcs.

Vanquished Creatures
  An orc priest (D:3)
  Jessica (D:2)
  2 adders
  3 worms (D:2)
  2 dart slugs
  2 leopard geckos
  6 orcs
  3 bats (D:1)
  2 giant cockroaches (D:1)
  4 goblins
  5 hobgoblins
  13 jackals
  6 kobolds
  2 quokkas
  A ball python (D:2)
  3 frilled lizards
  7 rats
63 creatures vanquished.

Notes
Turn   | Place    | Note
-------+----------+-------------------------------------------
     0 | D:1      | MalarOregon the Merfolk Gladiator began the quest for the
                  | Orb.
     0 | D:1      | Reached XP level 1. HP: 16/16 MP: 1/1
   264 | D:1      | Found a shattered altar of Ashenzari.
   272 | D:1      | Reached XP level 2. HP: 23/23 MP: 2/2
   339 | D:1      | Became a worshipper of Ashenzari the Shackled
   548 | D:1      | Reached XP level 3. HP: 23/28 MP: 3/3
   855 | D:2      | Reached skill level 5 in Polearms
   904 | D:2      | Noticed Jessica
  1004 | D:2      | Killed Jessica
  1004 | D:2      | Reached XP level 4. HP: 23/35 MP: 3/5
  1447 | D:2      | Found a burning altar of Makhleb.
  1584 | D:3      | Reached skill level 1 in Spellcasting
  1632 | D:3      | Reached skill level 1 in Armour
  1823 | D:3      | Reached XP level 5. HP: 26/41 MP: 6/6
  2315 | D:3      | Killed from afar by an orc priest

Skill      XL: |  1  2  3  4 |
---------------+-------------+-----
Polearms       | 5 |  5.6
Fighting       | 3 |  3.5
Spellcasting   | 1 |  1.2
Armour         | 1 |  1.1
Throwing       | |  2.5
Dodging        | |  4.7

Action                   |  1- 3 |  4- 6 || total
-------------------------+-------+-------++-------
Melee: Trident           |   130 |   112 ||   242
Throw: Stone             |    16 |     4 ||    20
  Use: Scroll            |     5 |     1 ||     6
       Potion            |       |     1 ||     1
 Stab: Sleeping          |     2 |       ||     2
  Eat: Chunk             |       |     4 ||     4
Armor: Leather armour    |    38 |       ||    38
       Robe              |       |    13 ||    13
       Scale mail        |       |    13 ||    13
Dodge: Dodged            |    85 |    46 ||   131
